 Dungeon Crawl Stone Soup version 0.27-a0-1200-g94dc6ad4cf (webtiles) character file.

Game seed: 9603294854511793080

2742 Gargoyl the Fighter (level 9, -1/74 HPs)
             Began as a Gnoll Abyssal Knight on May 30, 2021.
             Was a Priest of Lugonu.
             Slain by Harold
             ... wielding a +1 vorpal glaive
              (2 damage)
             ... on level 7 of the Dungeon.
             The game lasted 00:10:02 (6129 turns).

Gargoyl the Fighter (Gnoll Abyssal Knight)          Turns: 6129, Time: 00:10:03

Health: -1/74      AC: 16    Str: 20    XL:     9   Next: 68%
Magic:  15/15      EV:  9    Int: 12    God:    Lugonu [***...]
Gold:   260        SH:  0    Dex: 12    Spells: 17/17 levels left

rFire    + . .     SeeInvis .   q - +2 hand axe (elec)
rCold    . . .     Faith    .   (no shield)
rNeg     . . .     Spirit   .   m - +0 chain mail
rPois    .         Reflect  .   k - +0 helmet
rElec    .         Harm     .   (no cloak)
rCorr    +         Rampage  .   p - +2 pair of gloves
Will     .....                  u - +0 pair of boots
Stlth    ..........             n - amulet of the acrobat
HPRegen  0.22/turn              l - ring of Noerhost {rF+ rCorr}
MPRegen  0.14/turn              b - +6 ring of strength

@: marked, flying, hasted, very quick
A: fangs 1, strong nose, distributed training
a: Renounce Religion, Depart the Abyss, Bend Space, Banish


You were on level 7 of the Dungeon.
You worshipped Lugonu.
Lugonu was most pleased with you.
You visited 1 branch of the dungeon, and saw 7 of its levels.
You visited the Abyss 1 time.

You collected 260 gold pieces.

Inventory:

Hand Weapons
 a - a +2 hand axe
 q - a +2 hand axe of electrocution (weapon)
Missiles
 d - 7 curare-tipped darts (quivered)
 o - 35 poisoned darts
 t - 8 atropa-tipped darts
Armour
 k - a +0 helmet (worn)
 m - a +0 chain mail (worn)
 p - a +2 pair of gloves (worn)
 u - a +0 pair of boots (worn)
Jewellery
 b - a +6 ring of strength (right hand)
 l - the ring of Noerhost (left hand) {rF+ rCorr}
   (You acquired it on level 4 of the Dungeon)

   [ring of resist corrosion]

   It protects you from fire.
   It protects you from acid and corrosion.
 n - an amulet of the acrobat (around neck)
Wands
 i - a wand of mindburst (6)
 r - a wand of polymorph (8)
 s - a wand of iceblast (4)
 w - a wand of flame (15)
Scrolls
 c - 2 scrolls of identify
 j - 2 scrolls of blinking
Potions
 e - a potion of ambrosia
 g - 2 potions of might
 h - 3 potions of haste
 x - a potion of curing


   Skills:
 + Level 8.0 Fighting
 + Level 4.5 Short Blades
 + Level 4.5 Long Blades
 + Level 6.5 Axes
 + Level 4.5 Maces & Flails
 + Level 4.5 Polearms
 + Level 4.5 Staves
 + Level 4.5 Slings
 + Level 4.5 Bows
 + Level 4.5 Crossbows
 + Level 4.5 Throwing
 + Level 6.5 Armour
 + Level 5.2 Dodging
 + Level 4.5 Stealth
 + Level 4.5 Shields
 + Level 4.5 Unarmed Combat
 + Level 4.5 Spellcasting
 + Level 3.7 Conjurations
 + Level 3.7 Hexes
 + Level 3.7 Summonings
 + Level 3.7 Necromancy
 + Level 3.7 Translocations
 + Level 3.7 Transmutations
 + Level 3.7 Fire Magic
 + Level 3.7 Ice Magic
 + Level 3.7 Air Magic
 + Level 3.7 Earth Magic
 + Level 3.7 Poison Magic
 + Level 6.8 Invocations
 + Level 4.5 Evocations


You had 17 spell levels left.
You didn't know any spells.
Your spell library contained the following spells:

 Spells                   Type           Power      Damage    Failure   Level
 Animate Skeleton         Necr           22%        N/A       36%         1
 Apportation              Tloc           22%        N/A       36%         1
 Beastly Appendage        Tmut           22%        N/A       36%         1
 Corona                   Hex            12%        N/A       36%         1
 Summon Small Mammal      Summ           44%        N/A       36%         1
 Wereblood                Tmut           11%        N/A       52%         2
 Spider Form              Tmut/Pois      5%         N/A       75%         3
 Ice Form                 Ice/Tmut       11%        N/A       98%         4
 Hydra Form               Tmut           5%         N/A       100%        5


Dungeon Overview and Level Annotations

Branches:
Dungeon (7/15)             Temple (0/1) D:5

Altars:
Dithmenos
Makhleb

Shops:
D:5 (

Annotations:
D:7 Harold


Innate Abilities, Weirdness & Mutations

You have very sharp teeth.
Your uncanny sense of smell can sniff out nearby items.
Your experience applies equally to all skills.


Message History

Harold is lightly wounded.
Harold hits you but does no damage.
Unknown command.
You feel much better.
Harold hits you with a +1 vorpal glaive!
You feel yourself speed up. Harold hits you but does no damage.
It was a potion of flight.
You feel very buoyant.
You fly up into the air.
Harold hits you with a +1 vorpal glaive.
* * * LOW HITPOINT WARNING * * *
x2 You feel much better.
Harold hits you with a +1 vorpal glaive.
You hit Harold. Lightning courses through Harold!
You bite Harold, but do no damage.
Harold is heavily wounded.
You hit Harold.
Harold is heavily wounded.
Harold hits you with a +1 vorpal glaive.
You completely miss Harold.
Harold is heavily wounded.
You hit Harold.
Harold is heavily wounded.
Harold hits you but does no damage.
You hit Harold but do no damage.
Harold is heavily wounded.
Harold says, "Let's make it quick, okay?
I've got mouths to feed."
Harold hits you with a +1 vorpal glaive!
* * * LOW HITPOINT WARNING * * *
You hit Harold.
Harold is severely wounded.
You slash Harold!
Harold is severely wounded.
Harold hits you with a +1 vorpal glaive!
* * * LOW HITPOINT WARNING * * *
x2 You hit Harold.
Lightning courses through Harold!
Harold is almost dead.
Harold hits you with a +1 vorpal glaive!
* * * LOW HITPOINT WARNING * * *
You die...

#.#.#.# #.#.#.#
#.#.#.# # #.#.#.#
#.#.#.#.#
##.#(#.#.# ###
.#.#....#.#.#.....
.......<..@@......
......#.#.###.....
............ ...
#.....#.#.#.# .
#.....#.#.#.# ∆
#.... #.#.# #
#.... #.#.# ...
#.#.#


You could see Harold.

Vanquished Creatures
  A two-headed ogre (D:6)
  Menkaure (D:5)
  A water moccasin (D:6)
  A sky beast (D:6)
  A black bear (D:6)
  2 ogres
  4 phantoms
  A kobold brigand (D:6)
  A scorpion (D:6)
  A water moccasin zombie (D:6)
  A wyvern zombie (D:5)
  4 wights (D:4)
  A howler monkey (D:5)
  A bullfrog zombie (D:6)
  3 hounds
  A jelly (D:5)
  A bullfrog skeleton (D:6)
  A gnoll shaman (D:6)
  7 iguanas
  3 orc wizards
  A killer bee zombie (D:6)
  A hound skeleton (D:4)
  11 gnolls
  7 adders
  3 white imps
  5 worms
  2 dart slugs (D:1)
  10 orcs
  5 bats
  7 endoplasms
  7 giant cockroaches
  5 hobgoblins
  4 jackals (D:3)
  A quokka (D:1)
  3 ball pythons
  3 frilled lizards
  6 goblins
  6 kobolds
  4 rats
128 creatures vanquished.

Vanquished Creatures (collateral kills)
  A ball python (D:3)
  A kobold (D:3)
2 creatures vanquished.

Grand Total: 130 creatures vanquished

Notes
Turn   | Place    | Note
-------+----------+-------------------------------------------
     0 | Abyss:1  | Gargoyl the Gnoll Abyssal Knight began the quest for the
                  | Orb.
     0 | Abyss:1  | Reached XP level 1. HP: 23/23 MP: 3/3
    75 | Abyss:1  | Noticed a jelly
    77 | Abyss:1  | Reached XP level 2. HP: 29/29 MP: 5/5
   121 | Abyss:1  | Noticed a smoke demon
   123 | D:1      | Escaped the Abyss
   355 | D:1      | Reached * piety under Lugonu
   507 | D:1      | Reached XP level 3. HP: 21/35 MP: 6/6
  1188 | D:2      | Reached skill level 1 in Short Blades
  1188 | D:2      | Reached skill level 1 in Long Blades
  1188 | D:2      | Reached skill level 1 in Maces & Flails
  1188 | D:2      | Reached skill level 1 in Polearms
  1188 | D:2      | Reached skill level 1 in Staves
  1188 | D:2      | Reached skill level 1 in Slings
  1188 | D:2      | Reached skill level 1 in Bows
  1188 | D:2      | Reached skill level 1 in Crossbows
  1188 | D:2      | Reached skill level 1 in Throwing
  1188 | D:2      | Reached skill level 1 in Stealth
  1188 | D:2      | Reached skill level 1 in Shields
  1188 | D:2      | Reached skill level 1 in Unarmed Combat
  1188 | D:2      | Reached skill level 1 in Spellcasting
  1188 | D:2      | Reached skill level 1 in Evocations
  1347 | D:2      | Reached XP level 4. HP: 40/41 MP: 7/7
  1908 | D:3      | Reached skill level 1 in Conjurations
  1908 | D:3      | Reached skill level 1 in Hexes
  1908 | D:3      | Reached skill level 1 in Summonings
  1908 | D:3      | Reached skill level 1 in Necromancy
  1908 | D:3      | Reached skill level 1 in Translocations
  1908 | D:3      | Reached skill level 1 in Transmutations
  1908 | D:3      | Reached skill level 1 in Fire Magic
  1908 | D:3      | Reached skill level 1 in Ice Magic
  1908 | D:3      | Reached skill level 1 in Air Magic
  1908 | D:3      | Reached skill level 1 in Earth Magic
  1908 | D:3      | Reached skill level 1 in Poison Magic
  1926 | D:3      | Found a faded altar of an unknown god.
  1937 | D:3      | Reached XP level 5. HP: 33/47 MP: 8/8
  2811 | D:4      | Noticed a phantom
  2825 | D:3      | Killed a phantom
  2826 | D:3      | Reached skill level 5 in Invocations
  2826 | D:3      | Reached XP level 6. HP: 51/53 MP: 9/9
  2853 | D:4      | Reached skill level 5 in Axes
  2853 | D:4      | Reached skill level 5 in Armour
  2953 | D:4      | Reached ** piety under Lugonu
  3105 | D:4      | Identified 2 scrolls of acquirement
  3105 | D:4      | Acquired a +2 hand axe of electrocution
  3151 | D:4      | Acquired the ring of Noerhost {rF+ rCorr}
  3300 | D:4      | Reached XP level 7. HP: 59/59 MP: 10/10
  3307 | D:4      | Reached skill level 7 in Fighting
  3622 | D:5      | Entered Level 5 of the Dungeon
  3631 | D:5      | Found a staircase to the Ecumenical Temple.
  3710 | D:5      | Noticed Menkaure
  3718 | D:5      | Killed Menkaure
  3895 | D:5      | Reached XP level 8. HP: 67/67 MP: 12/12
  4185 | D:5      | Found Daddutaor's Antique Weapon Emporium.
  4520 | D:5      | Found a burning altar of Makhleb.
  4669 | D:6      | Identified the +8 hunting sling "Xuguca" {venom, Dex+10}
  4957 | D:6      | Found a shadowy altar of Dithmenos.
  4979 | D:6      | Noticed a two-headed ogre
  4994 | D:6      | Killed a two-headed ogre
  4995 | D:6      | Reached XP level 9. HP: 48/74 MP: 13/15
  5183 | D:6      | Reached *** piety under Lugonu
  5187 | D:6      | Reached skill level 5 in Dodging
  5281 | D:6      | Reached skill level 8 in Fighting
  6106 | D:7      | Noticed Harold
  6129 | D:7      | HP: 1/74 [Harold/+1 vorpal glaive (8)]
  6129 | D:7      | Slain by Harold

Illustrated notes

Levels and vault maps discovered:
D:1:      co_arrival_hexagon_in_a_hexagon, layout_loops_ring
D:2:      layout_rooms, minmay_worlds_worst_comb
D:3:      layout_basic, cheibrodos_sewer_entry_bend,
          hellmonk_ecumenical_altar_pennies_from_heaven, minivault_11
D:4:      layout_rooms
D:5:      layout_gridville, lightli_temple_of_fire, temple_doors_e,
          serial_shops, shop, uniq_menkaure
D:6:      layout_basic, nicolae_dithmenos_the_darkroom, nicolae_sextant,
          grunt_potential
D:7:      layout_basic, minmay_fractal_squares_gapless_5, uniq_harold,
          uniq_duvessa, uniq_crazy_yiuf_cottage

Skill      XL: |  1  2  3  4  5  6  7  8  9 |
---------------+----------------------------+-----
Short Blades   | 1 2 4 |  4.5
Long Blades    | 1 2 4 |  4.5
Maces & Flails | 1 2 4 |  4.5
Polearms       | 1 2 4 |  4.5
Staves         | 1 2 4 |  4.5
Slings         | 1 2 4 |  4.5
Bows           | 1 2 4 |  4.5
Crossbows      | 1 2 4 |  4.5
Throwing       | 1 2 4 |  4.5
Stealth        | 1 2 4 |  4.5
Shields        | 1 2 4 |  4.5
Unarmed Combat | 1 2 4 |  4.5
Spellcasting   | 1 2 4 |  4.5
Evocations     | 1 2 4 |  4.5
Conjurations   | 1 2 3 |  3.7
Hexes          | 1 2 3 |  3.7
Summonings     | 1 2 3 |  3.7
Necromancy     | 1 2 3 |  3.7
Translocations | 1 2 3 |  3.7
Transmutations | 1 2 3 |  3.7
Fire Magic     | 1 2 3 |  3.7
Ice Magic      | 1 2 3 |  3.7
Air Magic      | 1 2 3 |  3.7
Earth Magic    | 1 2 3 |  3.7
Poison Magic   | 1 2 3 |  3.7
Dodging        | 3 4 5 |  5.2
Invocations    | 5 6 |  6.8
Axes           | 5 6 |  6.5
Armour         | 5 6 |  6.5
Fighting       | 7 8 |  8.0

Action                   |  1- 3 |  4- 6 |  7- 9 || total
-------------------------+-------+-------+-------++-------
Melee: Hand axe          |    83 |    83 |   210 ||   376
       Bite              |     7 |    14 |    23 ||    44
       Whip              |       |    57 |       ||    57
       Punch             |       |       |     1 ||     1
Throw: Dart              |       |       |     6 ||     6
Invok: Depart the Abyss  |     1 |       |       ||     1
  Use: Potion            |     1 |     1 |     4 ||     6
       Scroll            |     3 |     6 |     5 ||    14
 Stab: Sleeping          |     3 |       |       ||     3
Armor: Leather armour    |    21 |    25 |       ||    46
       Chain mail        |       |    61 |   116 ||   177
Dodge: Dodged            |    49 |    72 |    92 ||   213

Table legend: (Time is in decaauts)
 A = Elapsed time spent in this place.
 B = Non-inter-level travel time spent in this place.
 C = Inter-level travel time spent in this place.
 D = Time resting spent in this place.
 E = Time spent auto-exploring this place.
 F = Levels seen in this place.
 G = Mean time per level.
                   A        B        C        D        E       F      G
               +--------+--------+--------+--------+--------+-----+--------+
         Total |   6162 |   6020 |    142 |    241 |   4583 |   8 |  770.2 |
       Dungeon |   6038 |   5896 |    142 |    241 |   4504 |   7 |  862.6 |
         Abyss |    123 |    123 |      0 |      0 |     79 |   1 |  123.0 |
               +--------+--------+--------+--------+--------+-----+--------+

Top non-repeatable levels by time:
     D:6: 1561 daAuts
     D:3: 1083 daAuts
     D:5: 921 daAuts
     D:1: 852 daAuts
     D:2: 821 daAuts
     D:4: 780 daAuts
 Abyss:1: 123 daAuts
     D:7: 19 daAuts
